Map: Catalyseur EC

Players

NoR

  • Race: Protoss Protoss
  • League: Gold
  • Spawn Location: 11:00

Prometheus - Winner!

  • Race: Terran Terran
  • Spawn Location: 5:00

VOD

Have the link to the VOD?

Description

Time

  • Played on: Feb. 10, 2018, 5:02 p.m.
  • Length: 9:07
Show
View Real Time Build Order
Export as new Build Order

NoR Protoss 

Build Orders:  

Get SALT Encoding   

  12  0:00  Probe  
  13  0:12  Probe  
  14  0:22  Pylon  
  14  0:24  Probe  
  15  0:42  Gateway  
  15  0:45  Probe (Chrono Boost)  
  16  0:55  Probe (Chrono Boost)  
  17  1:00  Probe (Chrono Boost)  
  18  1:05  Assimilator  
  18  1:09  Gateway  
  18  1:11  Probe  
  18  1:15  Assimilator  
  19  1:23  Probe  
  20  1:35  Probe  
  21  1:47  Probe (Chrono Boost)  
  21  1:50  Cybernetics Core  
  21  1:53  Pylon  
  22  2:00  Probe (Chrono Boost)  
  23  2:09  Probe (Chrono Boost)  
  23  2:14  Pylon  
  24  2:21  Probe (Chrono Boost)  
  25  2:26  Stalker x2  
  25  2:28  Warp Gate  
  30  2:30  Probe (Chrono Boost)  
  30  2:39  Robotics Facility  
  26  3:11  Stalker x2  
  30  3:13  Probe  
  31  3:26  Probe (Chrono Boost)  
  33  3:35  Probe (Chrono Boost)  
  30  4:04  Nexus  
  30  4:07  Probe (Chrono Boost)  
  32  4:17  Probe (Chrono Boost)  
  32  4:22  Probe (Chrono Boost)  
  33  4:27  Immortal  
  37  4:33  Probe  
  38  4:45  Probe  
  39  4:57  Probe  
  39  5:15  Probe  
  39  5:16  Observer  
  41  5:25  Pylon, Probe  
  41  5:28  Pylon  
  42  5:32  Pylon  
  42  5:34  Pylon  
  41  5:37  Probe  
  41  5:38  Assimilator  
  41  5:41  Assimilator  
  42  5:44  Robotics Bay  
  42  5:49  Probe  
  43  5:56  Forge  
  43  5:59  Stalker  
  45  6:11  Stalker  
  47  6:18  Forge  
  47  6:22  Gateway  
  47  6:33  Pylon  
  47  6:36  Pylon  
  47  6:41  Photon Cannon  
  47  6:51  Photon Cannon  
  47  6:53  Probe (Chrono Boost)  
  48  6:54  Probe (Chrono Boost)  
  49  7:08  Probe (Chrono Boost)  
  50  7:13  Photon Cannon  
  50  7:18  Colossus (Chrono Boost)  
  56  7:33  Probe  
  56  7:35  Probe  
  56  7:45  Probe  
  55  8:05  Stargate  
  55  8:08  Stargate  
  53  8:31  Stalker x2  
Show
View Real Time Build Order
Export as new Build Order

Prometheus Terran - Winner!

Build Orders:  

Get SALT Encoding   

  12  0:01  SCV  
  13  0:14  SCV  
  13  0:17  Supply Depot  
  14  0:27  SCV  
  15  0:39  SCV  
  15  0:40  Barracks  
  16  0:48  Refinery  
  16  0:51  SCV  
  17  1:03  SCV  
  18  1:15  SCV  
  19  1:31  Barracks  
  19  1:34  Reaper  
  20  1:40  Refinery  
  20  1:42  Supply Depot  
  20  1:43  Barracks  
  20  1:45  SCV  
  21  1:59  SCV  
  22  2:06  Reaper  
  23  2:13  SCV  
  24  2:20  Reaper  
  25  2:26  SCV  
  26  2:33  Supply Depot  
  26  2:34  Reaper  
  27  3:05  Reaper x2  
  29  3:13  Reaper  
  30  3:22  Barracks  
  30  3:28  Barracks  
  30  3:29  Command Center  
  30  3:37  Reaper  
  30  4:01  Reaper x2  
  31  4:07  SCV  
  32  4:10  Reaper  
  32  4:13  Reaper  
  32  4:15  Reaper  
  35  4:21  Factory x2, SCV  
  36  4:31  Refinery  
  36  4:36  Supply Depot  
  36  4:37  SCV  
  37  4:43  Reaper  
  37  4:45  Reaper  
  39  4:55  Refinery  
  37  5:10  Factory Tech Lab x2  
  37  5:11  Marine x2  
  37  5:12  Marine  
  40  5:14  Marine  
  40  5:16  SCV  
  40  5:17  Marine  
  40  5:18  SCV  
  44  5:28  SCV  
  45  5:29  Marine  
  46  5:39  Siege Tank  
  46  5:40  Siege Tank  
  46  5:41  Marine  
  53  5:45  SCV  
  53  5:49  SCV  
  54  6:12  Bunker  
  54  6:17  Siege Tank x2  
  60  6:23  SCV  
  60  6:24  Supply Depot x2, SCV  
  62  6:43  Bunker  
  62  6:45  Marine x3  
  65  6:56  Siege Tank x2  
  71  7:01  SCV  
  71  7:02  SCV  
  71  7:06  Supply Depot  
  73  7:12  Marine  
  73  7:13  Marine x3  
  73  7:14  Marine  
  78  7:28  Siege Tank  
  79  8:31  Orbital Command  
  79  8:32  Orbital Command  
  79  8:33  Marine x5  
  84  8:44  Supply Depot  
  84  8:46  Supply Depot  
Tags
 
League
Gold
Matchup
PvT
Spawn Locations
Cross Positions
Add a new tag
Caveats
  • Supply blocks, unpowered buildings, or Contaminate may cause inaccurate times.
  • Supply counts are checked every 10 seconds.